 Dungeon Crawl Stone Soup version 0.31.0-11-ge490571c62 (webtiles) character file.

Game seed: 13272284253591953551

7 protoss039 the Digger (level 1, 0/14 HPs)
             Began as a Demonspawn Earth Elementalist on Jan 28, 2024.
             Slain by a ball python (1 damage)
             ... on level 2 of the Dungeon.
             The game lasted 00:01:00 (277 turns).

protoss039 the Digger (DsEE)                         Turns: 277, Time: 00:01:01

Health: 0/14       AC:  4    Str:  8    XL:     1   Next: 91%
Magic:  3/3        EV:  9    Int: 20    God:
Gold:   0          SH:  0    Dex: 21    Spells: 3/4 levels left

rFire   . . .        d - +2 dagger of Zusuom {spect, rC- Int+5 Dex+8}
rCold   x . .        (no shield)
rNeg    . . .        e - +2 robe {Will+}
rPois   .            (no helmet)
rElec   .            (no cloak)
rCorr   .            (no gloves)
SInv    .            (no boots)
Will    ++...        (no amulet)
Stlth   ++           c - ring of willpower
HPRegen 0.22/turn    (no ring)
MPRegen 0.08/turn

%: no passive effects
@: constricted
A: no striking features
a: no special abilities


You were on level 2 of the Dungeon.
You visited 1 branch of the dungeon, and saw 2 of its levels.

Inventory:

Hand Weapons
 a - a +2 dagger of venom
 d - the +2 dagger of Zusuom (weapon) {spect, rC- Int+5 Dex+8}
   (You found it on level 2 of the Dungeon)

   Int+5:     It affects your intelligence (+5).
   Dex+8:     It affects your dexterity (+8).
   rC-:       It makes you vulnerable to cold.
Armour
 e - a +2 robe of willpower (worn)
Jewellery
 c - a ring of willpower (left hand)
Potions
 b - a potion of magic


   Skills:
 + Level 0.7 Fighting
 - Level 1.7 Dodging
 - Level 1.7 Stealth
 + Level 2.2 Spellcasting
 - Level 1.0 Conjurations
 + Level 2.9 Earth Magic


You had 3 spell levels left.
You knew the following spells:

 Your Spells              Type           Power      Damage    Failure   Level
a - Sandblast             Erth           26%        2d8       4%          1

Your spell library contained the following spells:

 Spells                   Type           Power      Damage    Failure   Level
 Passwall                 Erth           13%        N/A       14%         3
 Stone Arrow              Conj/Erth      20%        3d8       21%         3
 Brom's Barrelling Bould  Conj/Erth      10%        2d3       56%         4
 Petrify                  Alch/Erth      8%         N/A       63%         4


Dungeon Overview and Level Annotations

Branches:
Dungeon (2/15)

Altars:
Qazlal

Annotations:
D:2 Natasha


Message History

The endoplasm is lightly wounded.
The endoplasm barely misses you.
You hit the endoplasm.
The endoplasm is almost dead.
The endoplasm hits you but does no damage.
The ball python bites you but does no damage.
The ball python grabs you. The ball python constricts you.
Your +2 dagger of venom stops dripping with poison.
You feel clever.
You feel agile.
You feel a bond with the +2 dagger of Zusuom {spect, rC- Int+5 Dex+8}.
d - the +2 dagger of Zusuom (weapon)
{spect, rC- Int+5 Dex+8} The endoplasm freezes you.
You are frozen!
You feel a terrible chill!
Ouch! That really hurt!
* * * LOW HITPOINT WARNING * * *
The ball python barely misses you. The ball python constricts you.
* * * LOW HITPOINT WARNING * * *
Unknown command.
You hit the endoplasm.
You kill the endoplasm!
The ball python barely misses you. The ball python constricts you.
* * * LOW HITPOINT WARNING * * *
Unknown command.
Unknown command.
You hit the ball python but do no damage.
Your punch misses the ball python.
Your +2 dagger of Zusuom {spect, rC- Int+5 Dex+8} closely misses the ball python.
The ball python bites you but does no damage.
The ball python constricts you.
* * * LOW HITPOINT WARNING * * *
The goblin unwields a +0 club.
The goblin wields a +0 sling.
The goblin shoots a sling bullet.
The sling bullet hits you but does no damage.
Unknown command.
Okay, then.
You aren't carrying any scrolls.
You closely miss the goblin.
Your +2 dagger of Zusuom {spect, rC- Int+5 Dex+8} hits the goblin but does no damage.
The ball python bites you.
You die...

.. .# #.# #######.#
#.......# #....S..#
#..g@...# ##.h.(...# #.#
...........# #.# ###
....g..###.#######.# #..
....... #..........# #..
....... #..........# #..
...[... #..........# #..
#########..........###..
...........)..'..


You could see Natasha, 2 goblins, a ball python and a friendly +2 dagger of
Zusuom {spect, rC- Int+5 Dex+8}.

Vanquished Creatures
  2 bats (D:2)
  An endoplasm (D:2)
  A goblin (D:2)
  A ball python (D:1)
  A frilled lizard (D:2)
  A kobold (D:1)
7 creatures vanquished.

Notes
Turn   | Place    | Note
-------+----------+-------------------------------------------
     0 | D:1      | protoss039 the Demonspawn Earth Elementalist began the
                  | quest for the Orb.
     0 | D:1      | Reached XP level 1. HP: 13/13 MP: 3/3
   147 | D:2      | Found a stormy altar of Qazlal.
   263 | D:2      | Identified the +2 dagger of Zusuom {spect, rC- Int+5 Dex+8}
   271 | D:2      | Noticed Natasha
   277 | D:2      | Slain by a ball python

Illustrated notes

Levels and vault maps discovered:
D:1:      dpeg_arrival_erosion, layout_rooms
D:2:      layout_basic, basic_altar, uniq_natasha

Action                     || total
---------------------------++-------
  Melee: Dagger            ||     7
         Unarmed           ||     2
   Cast: Sandblast         ||     7
 Armour: Robe              ||    10
  Dodge: Dodged            ||     8
